 Dungeon Sprint DCSS version 0.30-a0-1163-gf69bf04e7a (webtiles) character file.

Game seed: 15916516476591917058

6 sircluck the Chopper (level 1, 0/22 HPs)
             Began as a Hill Orc Berserker on Apr 28, 2023.
             Was a Believer of Trog.
             Slain by an ufetubus (2 damage)
             ... in the Dungeon (Sprint IX: "|||||||||||||||||||||||||||||").
             The game lasted 00:00:09 (34 turns).

sircluck the Chopper (Hill Orc Berserker)             Turns: 34, Time: 00:00:09

Health: 0/22       AC:  2    Str: 19    XL:     1   Next: 90%
Magic:  1/1        EV: 12    Int:  7    God:    Trog [**....]
Gold:   0          SH:  0    Dex: 10    Spells: 0/0 levels left

rFire   . . .        a - +0 hand axe
rCold   . . .        (no shield)
rNeg    . . .        b - +0 animal skin
rPois   .            (no helmet)
rElec   .            (no cloak)
rCorr   .            (no gloves)
SInv    .            (no boots)
Will    .....        (no amulet)
Stlth   +            (no ring)
HPRegen 0.23/turn    (no ring)
MPRegen 0.07/turn

%: no teleportation
@: no status effects
A: no striking features
a: Renounce Religion, Berserk, Trog's Hand


You were in the Dungeon.
You worshipped Trog.
Trog was pleased with you.
You visited 1 branch

Inventory:

Hand Weapons
 a - a +0 hand axe (weapon)
Armour
 b - a +0 animal skin (worn)
Scrolls
 h - a scroll of blinking
Potions
 c - a potion of curing
 d - a potion of heal wounds
 e - a potion of haste
 f - 2 potions of magic
 g - a potion of berserk rage


   Skills:
 + Level 4.5 Fighting
 + Level 5.1 Axes
 + Level 2.5 Armour
 + Level 1.8 Dodging


You couldn't memorise any spells.
You didn't know any spells.
Your spell library was empty.

Dungeon Overview and Level Annotations

Branches:
Dungeon (1/1)

Altars:


Message History

The bat hits you. The bat barely misses you.
Things that are here:
a rat corpse; a quokka corpse; a dart slug corpse You closely miss the bat.
The bat closely misses you. The bat barely misses you. The bat hits you.
The bat hits you but does no damage.
You miss the bat. The bat hits you but does no damage. The bat hits you.
You hit the bat.
The bat is moderately wounded.
The bat barely misses you.
You hit the bat.
The bat is severely wounded.
The bat hits you but does no damage. The bat misses you.
You hit the bat but do no damage.
The bat is moderately wounded.
The bat closely misses you. x3
You hit the bat.
You kill the bat!
Trog accepts your kill.
You see here a bat corpse.
You open the door.
A gnoll, an adder, a phantom, a hound and an ufetubus come into view.
The adder hisses angrily.
The hound barks!
The ufetubus shouts!
The gnoll shouts!
The ufetubus hits you. The ufetubus closely misses you.
You hit the ufetubus but do no damage. The ufetubus hits you.
The ufetubus barely misses you.
You barely miss the ufetubus. The ufetubus hits you.
The ufetubus closely misses you. The ufetubus misses you.
The ufetubus closely misses you.
You miss the ufetubus. The ufetubus misses you. The ufetubus barely misses you.
You closely miss the ufetubus. The ufetubus closely misses you.
The ufetubus barely misses you. The ufetubus hits you. x2
* * * LOW HITPOINT WARNING * * *
You hit the ufetubus.
The ufetubus is severely wounded.
The ufetubus barely misses you. x2; The ufetubus hits you.
* * * LOW HITPOINT WARNING * * *
The ufetubus hits you.
You die... ▓▓▓▓▓▓▓▓▓▓▓▓▓▓▓▓▓▓ +.gSWh5@.†.†'...<▓ ▓▓▓▓▓▓▓▓▓▓▓▓▓▓▓▓▓▓

You could see a phantom, a hound, a gnoll, an adder and an ufetubus.

Vanquished Creatures
  A dart slug (D)
  A quokka (D)
  A bat (D)
  2 rats (D)
5 creatures vanquished.

Notes
Turn   | Place    | Note
-------+----------+-------------------------------------------
     0 | D        | sircluck the Hill Orc Berserker began the quest for the
                  | Orb.
     0 | D        | Reached XP level 1. HP: 19/19 MP: 1/1
    12 | D        | Reached ** piety under Trog
    14 | D        | Reached skill level 5 in Axes
    29 | D        | Noticed a phantom
    29 | D        | Noticed a hound
    34 | D        | Slain by an ufetubus

Illustrated notes

Levels and vault maps discovered:
D:        linesprint [early_d, line_temple, items_1, d_10, items_2, lair_1,
          lair_end, items_3, orc_1, orc_end, items_4, d_15, swamp_1, shoals_1,
          snake_1, spider_1, d_20, vaults_1, items_5, swamp_end, shoals_end,
          snake_end, spider_end, vaults_end, d_27, items_6, zot_1, zot_end,
          crypt_end, forest_end, elf_end, slime_end, tomb_end, abyss_end,
          pan_hell_end]

Skill      XL: |  1 |
---------------+----+-----
Fighting       | 4 |  4.5
Axes           | 5 |  5.1
Armour         | |  2.5
Dodging        | |  1.8

Action                     || total
---------------------------++-------
  Melee: Hand axe          ||    24
 Armour: Animal skin       ||     5
  Dodge: Dodged            ||    28

Table legend: (Time is in decaauts)
 A = Elapsed time spent in this place.
 B = Non-inter-level travel time spent in this place.
 C = Inter-level travel time spent in this place.
 D = Time resting spent in this place.
 E = Time spent auto-exploring this place.
 F = Levels seen in this place.
 G = Mean time per level.
                   A        B        C        D        E       F      G
               +--------+--------+--------+--------+--------+-----+--------+
         Total |     35 |     32 |      3 |      0 |      0 |   1 |   35.0 |
       Dungeon |     35 |     32 |      3 |      0 |      0 |   1 |   35.0 |
               +--------+--------+--------+--------+--------+-----+--------+

Top non-repeatable levels by time:
       D: 35 daAuts
